Map: Ephemeron LE

Players

Harstem - Winner!

  • Race: Protoss Protoss
  • League: Master
  • Spawn Location: 11:00

A.I. 2 (Very Easy)

  • Race: Terran Terran
  • Spawn Location: 5:00

VOD

Have the link to the VOD?

Description

Harstem's 2 Gate Robo PvT Build Order

Time

  • Played on: Feb. 12, 2020, 4:45 a.m.
  • Length: 10:30
Show
View Real Time Build Order
Export as new Build Order

Harstem Protoss - Winner!

Build Orders: 1 Gate Expand, Zealot Archon, Colossus Rush 

Get SALT Encoding   

  12  0:01  Probe  
  13  0:13  Probe  
  14  0:17  Pylon  
  14  0:25  Probe  
  15  0:35  Gateway  
  15  0:37  Probe (Chrono Boost)  
  16  0:46  Probe (Chrono Boost)  
  16  0:47  Assimilator  
  17  0:52  Probe (Chrono Boost)  
  18  1:04  Probe  
  19  1:16  Probe  
  20  1:23  Nexus  
  20  1:33  Cybernetics Core  
  20  1:36  Probe  
  21  1:41  Assimilator  
  21  1:48  Probe  
  21  1:51  Pylon  
  22  2:00  Probe  
  23  2:06  Adept (Chrono Boost)  
  23  2:10  Warp Gate  
  23  2:12  Probe  
  26  2:20  Robotics Facility  
  26  2:24  Probe  
  26  2:29  Stalker (Chrono Boost)  
  27  2:36  Probe (Chrono Boost)  
  31  2:42  Probe (Chrono Boost)  
  31  2:45  Probe (Chrono Boost)  
  31  2:49  Probe (Chrono Boost)  
  31  2:50  Probe (Chrono Boost)  
  33  2:52  Stalker  
  36  3:00  Probe  
  36  3:03  Gateway  
  36  3:04  Probe  
  38  3:07  Observer (Chrono Boost)  
  39  3:13  Probe  
  39  3:16  Probe  
  39  3:19  Pylon  
  41  3:22  Observer (Chrono Boost)  
  41  3:25  Probe  
  43  3:28  Probe  
  44  3:37  Probe  
  44  3:40  Observer, Nexus, Probe  
  47  3:49  Probe  
  47  3:50  Pylon  
  47  3:53  Probe, Pylon  
  49  4:01  Stalker, Probe  
  49  4:02  Stalker  
  54  4:06  Assimilator  
  54  4:08  Probe  
  54  4:09  Assimilator  
  55  4:13  Probe  
  56  4:20  Robotics Bay, Probe  
  57  4:25  Probe  
  57  4:26  Pylon  
  58  4:32  Probe  
  58  4:37  Probe  
  64  4:45  Probe (Chrono Boost)  
  61  4:46  Forge  
  61  4:48  Twilight Council  
  61  4:50  Zealot  
  64  4:53  Probe (Chrono Boost)  
  64  4:54  Probe (Chrono Boost)  
  64  4:57  Probe (Chrono Boost)  
  66  5:01  Gateway  
  66  5:02  Probe (Chrono Boost)  
  66  5:03  Probe (Chrono Boost)  
  66  5:04  Probe (Chrono Boost), Colossus (Chrono Boost)  
  69  5:07  Probe (Chrono Boost)  
  69  5:09  Sentry  
  69  5:11  Probe  
  69  5:14  Probe  
  80  5:19  Probe  
  80  5:20  Protoss Ground Armor Level 1  
  81  5:23  Probe, Pylon  
  81  5:26  Probe  
  81  5:27  Charge  
  83  5:32  Gateway x2  
  83  5:34  Extended Thermal Lance (Chrono Boost)  
  83  5:35  Probe  
  85  5:38  Gateway  
  85  5:40  Probe  
  85  5:42  Probe  
  86  5:48  Colossus (Chrono Boost)  
  86  5:52  Zealot x2  
  86  5:53  Probe  
  86  5:55  Pylon  
  98  6:00  Shield Battery  
  98  6:01  Photon Cannon  
  97  6:05  Assimilator  
  97  6:06  Probe  
  97  6:07  Probe x2  
  97  6:09  Assimilator  
  100  6:18  Probe  
  100  6:20  Gateway  
  100  6:22  Gateway  
  100  6:25  Templar Archives, Colossus (Chrono Boost)  
  101  6:30  Pylon  
  101  6:31  Pylon  
  107  6:36  Zealot  
  109  6:45  Pylon  
  109  6:53  Pylon  
  109  6:55  Zealot x5  
  109  6:58  Pylon  
  109  6:59  Pylon  
  119  7:02  Pylon  
  119  7:04  Zealot  
  119  7:07  Warp Prism (Chrono Boost)  
  123  7:11  Robotics Facility, Gravitic Drive (Chrono Boost)  
  123  7:15  High Templar  
  123  7:16  High Templar  
  123  7:18  High Templar  
  123  7:20  High Templar  
  131  7:23  Nexus  
  131  7:24  Archon x2  
  131  7:30  Protoss Ground Armor Level 2 (Chrono Boost)  
  131  7:31  Pylon  
  131  7:34  Probe  
  131  7:35  Probe  
  131  7:36  Probe  
  134  7:41  Forge  
  134  7:46  Probe  
  134  7:48  Disruptor (Chrono Boost), Probe  
  134  7:50  Pylon  
  139  7:56  Probe  
  140  8:00  Zealot x4  
  140  8:01  Stalker x3  
  140  8:02  Disruptor (Chrono Boost)  
  140  8:04  Probe  
  158  8:12  Protoss Ground Weapons Level 1 (Chrono Boost)  
  158  8:14  Blink  
  158  8:16  Probe  
  159  8:21  Zealot  
  159  8:22  Zealot x4, Pylon  
  159  8:24  Assimilator  
  167  8:29  Disruptor (Chrono Boost)  
  171  8:37  Probe x2  
  171  8:39  Disruptor (Chrono Boost)  
  173  8:42  Zealot x2  
  173  8:43  Zealot x2  
  181  9:00  Zealot  
  181  9:01  Zealot x3  
  189  9:07  Probe x2  
  189  9:09  Probe  
  192  9:12  Gateway  
  192  9:13  Gateway  
  192  9:15  High Templar x4  
  200  9:20  Archon x2  
  200  9:29  Assimilator  
  200  9:33  Photon Cannon  
  200  9:35  Photon Cannon  
  200  9:38  Photon Cannon  
  200  9:40  Shield Battery  
  200  9:43  Shield Battery  
  200  9:47  Photon Cannon  
  200  9:51  Pylon  
  200  9:55  Pylon  
  200  10:15  Dark Shrine  
  200  10:19  Gateway  
  200  10:21  Gateway  
  200  10:24  Gateway  
  200  10:26  Gateway  
  200  10:28  Gateway  
  200  10:30  Gateway  
Show
View Real Time Build Order
Export as new Build Order

A.I. 2 (Very Easy) Terran 

Build Orders: Reaper Expand 

Get SALT Encoding   

  12  0:00  SCV  
  13  0:13  SCV  
  14  0:18  Supply Depot  
  14  0:43  Barracks  
  14  1:03  Command Center  
  14  1:31  Marine, Supply Depot, Orbital Command  
  15  1:37  Refinery  
  14  1:50  Refinery  
  14  1:56  SCV  
  15  2:08  SCV  
  16  2:18  Reaper  
  16  2:20  SCV  
  18  2:23  SCV  
  19  2:32  SCV  
  20  2:38  SCV  
  21  2:45  SCV  
  22  2:52  SCV  
  23  2:59  SCV  
  24  3:06  Marine, SCV  
  26  3:13  SCV  
  27  3:21  Refinery, SCV  
  28  3:28  SCV  
  28  3:30  Factory  
  29  3:52  Refinery  
  29  3:53  SCV  
  29  3:55  Marine  
  31  4:01  SCV  
  32  4:05  Supply Depot  
  32  4:08  SCV  
  33  4:15  Starport, SCV, Barracks Tech Lab  
  34  4:22  SCV  
  35  4:30  SCV  
  36  4:37  SCV  
  37  4:39  Supply Depot  
  37  4:44  Marauder, SCV  
  40  4:51  SCV  
  41  4:53  Starport Tech Lab  
  41  4:58  SCV  
  42  5:06  SCV  
  43  5:13  SCV  
  44  5:14  Raven  
  44  5:20  SCV  
  47  5:27  SCV  
  48  5:32  Marine  
  48  5:50  SCV  
  49  5:57  Raven  
  51  6:21  Marine  
  52  7:10  Marauder  
  53  8:32  Marine  
  45  8:35  SCV  
  45  8:38  Supply Depot  
  36  8:50  SCV  
  29  9:00  Viking  
  29  9:02  SCV  
  30  9:14  Command Center, SCV  
  30  9:26  SCV  
  30  9:29  Hellion  
  33  9:32  Command Center  
  33  9:38  SCV  
  33  9:43  Refinery  
  34  9:50  SCV  
  35  9:53  Refinery  
  35  9:54  Supply Depot  
  35  10:02  SCV  
Tags
 
Add a new tag
Caveats
  • Supply blocks, unpowered buildings, or Contaminate may cause inaccurate times.
  • Supply counts are checked every 10 seconds.